 Dungeon Crawl Stone Soup version 0.23.2-40-g277498a001 (webtiles) character file.

Game seed: 4545426324444642762

1699 Curus the Martial Artist (level 9, -8/88 HPs)
             Began as a Merfolk Transmuter on Sept 22, 2019.
             Killed by nerve-wracking pain
             ... invoked by a shadow imp
              (13 damage)
             ... on level 7 of the Dungeon.
             The game lasted 00:20:21 (5153 turns).

Curus the Martial Artist (Merfolk Transmuter)       Turns: 5153, Time: 00:20:22

Health: -8/88      AC:  2    Str: 15    XL:     9   Next: 3%
Magic:  9/12       EV: 21    Int: 16    God:
Gold:   113        SH:  0    Dex: 19    Spells: 3/12 levels left

rFire    . . .     SeeInvis .     - Unarmed
rCold    . . .     Gourm    .   (shield currently unavailable)
rNeg     . . .     Faith    .   (armour currently unavailable)
rPois    x         Spirit   .   (helmet currently unavailable)
rElec    .         Reflect  .   (cloak currently unavailable)
rCorr    .         Harm     .   (gloves currently unavailable)
MR       .....                  (boots currently unavailable)
Stlth    ..........             t - amulet of inaccuracy (curse)
HPRegen  0.24/turn              (no ring)
MPRegen  0.13/turn              (no ring)

@: berserking, spider-form (expiring), very quick
A: tiny, (change form in water), (swift swim), (stealthy swim)
a: End Transformation


You were on level 7 of the Dungeon.
You were not hungry.
You were a venomous arachnid creature.
You visited 2 branches of the dungeon, and saw 8 of its levels.

You collected 237 gold pieces.
You spent 124 gold pieces at shops.

Inventory:

Missiles
 a - 85 arrows
Armour
 b - a +2 robe
 f - a scarf of repulsion (melded)
 m - a +0 helmet
 r - a cursed +0 robe (melded)
 s - a +0 pair of gloves (melded)
Jewellery
 c - an uncursed ring of ice
 e - an uncursed ring of ice
 o - a cursed -3 ring of intelligence
 t - a cursed amulet of inaccuracy (around neck)
Wands
 g - a wand of clouds (5)
 p - a wand of random effects (36)
Scrolls
 h - 9 scrolls of identify
 i - 3 scrolls of teleportation
 k - a scroll of fog
Potions
 j - a potion of cancellation
 n - a potion of haste
 q - a potion of curing
Comestibles
 d - 11 rations


   Skills:
 - Level 1.1 Fighting
 - Level 2.6 Dodging
 - Level 10.0 Unarmed Combat
 - Level 2.0 Spellcasting
 + Level 8.8 Transmutations
 - Level 3.1 Poison Magic


You had 3 spell levels left.
You knew the following spells:

 Your Spells              Type           Power        Failure   Level  Hunger
a - Beastly Appendage     Tmut           ####..       3%          1    #......
b - Spider Form           Tmut/Pois      ###.......   16%         3    ###....
c - Blade Hands           Tmut           ####......   34%         5    ######.

Your spell library contained the following spells:

 Spells                   Type           Power        Failure   Level  Hunger
 Sticks to Snakes         Tmut           ####....     4%          2    ###....
 Ice Form                 Ice/Tmut       ###.....     56%         4    #####..


Dungeon Overview and Level Annotations

Branches:
Dungeon (7/15)             Temple (1/1) D:6

Altars:
Ashenzari
Cheibriados
Elyvilon
Gozag
Hepliaklqana
Makhleb
Nemelex Xobeh
Qazlal
Ru
Sif Muna
Trog
Vehumet
Wu Jian
Xom
Yredelemnul
Zin
The Shining One

Shops:
D:4 *?[=*


Message History

The wight hits you with a +4 long sword!
* * * LOW HITPOINT WARNING * * *
A red film seems to cover your vision as you go berserk!
You feel yourself moving faster!
You feel mighty!
You bite the wight!
You destroy the wight!
The shadow imp completely misses you.
You closely miss the shadow imp. You completely miss the shadow imp.
The shadow imp misses you.
You hit the shadow imp.
The shadow imp is moderately wounded.
You barely miss the shadow imp.
The shadow imp is moderately wounded.
The shadow imp misses you.
You miss the shadow imp.
The shadow imp is moderately wounded.
Your transformation is almost over.
The shadow imp gestures at you. Pain shoots through your body!
You die...

. .. ... ####
###....
#s5###.....#
##).#......#
#.#..<.....#
##..)......#
#............
##...........
#..........#.
#.#........#
###........#


You could see a shadow imp.

Vanquished Creatures
  Pikel (D:5)
  Grinder (D:4)
  An ice beast (D:5)
  A bullfrog (D:6)
  3 wights (D:7)
  4 crimson imps
  5 orc priests
  3 bullfrog skeletons
  2 hounds
  7 orc wizards
  A worker ant (D:4)
  A worker ant zombie (D:5)
  4 adders
  An adder skeleton (D:4)
  A worm (D:3)
  4 dart slugs
  2 leopard geckos (D:2)
  12 orcs
  8 bats
  3 giant cockroaches
  5 goblins
  5 hobgoblins
  6 kobolds
  2 quokkas
  6 frilled lizards
  A leopard gecko skeleton (D:5)
  4 rats
94 creatures vanquished.

Vanquished Creatures (others)
  An iguana (D:5)
  A shadow imp (D:5)
2 creatures vanquished.

Grand Total: 96 creatures vanquished

Notes
Turn   | Place    | Note
-------+----------+-------------------------------------------
     0 | D:1      | Curus the Merfolk Transmuter began the quest for the Orb.
     0 | D:1      | Reached XP level 1. HP: 15/15 MP: 3/3
   367 | D:1      | Reached XP level 2. HP: 21/21 MP: 3/5
   465 | D:1      | Reached skill level 4 in Unarmed Combat
  1035 | D:1      | Reached XP level 3. HP: 25/26 MP: 6/6
  1040 | D:1      | Learned a level 3 spell: Spider Form
  1448 | D:2      | Reached skill level 1 in Poison Magic
  1835 | D:2      | Found a burning altar of Makhleb.
  1891 | D:3      | Reached XP level 4. HP: 7/32 MP: 5/7
  2140 | D:3      | Found a radiant altar of Vehumet.
  2315 | D:3      | Reached XP level 5. HP: 37/37 MP: 4/8
  2893 | D:4      | Found Bennomn's Antique Armour Shop.
  2893 | D:4      | Noticed Grinder
  2925 | D:4      | Found Kism's Magic Scroll Emporium.
  2925 | D:4      | Found Fyineotu's Jewellery Shoppe.
  2990 | D:4      | Bought a cursed -3 ring of intelligence for 22 gold pieces
  2996 | D:4      | Bought 2 scrolls of teleportation for 72 gold pieces
  3032 | D:4      | Killed Grinder
  3032 | D:4      | Reached skill level 6 in Unarmed Combat
  3032 | D:4      | Reached XP level 6. HP: 21/43 MP: 6/9
  3052 | D:4      | Found Wopyzong's General Store.
  3523 | D:4      | Reached XP level 7. HP: 23/48 MP: 8/10
  3537 | D:4      | Found an opulent altar of Gozag.
  3590 | D:4      | Found a shattered altar of Ashenzari.
  3595 | D:4      | Found a deep blue altar of Sif Muna.
  3604 | D:4      | Found Miwuenwa's Assorted Antiques.
  3612 | D:4      | Bought a scroll labeled ASHRI ATIXKO for 30 gold pieces
  3969 | D:5      | Entered Level 5 of the Dungeon
  3979 | D:5      | Reached skill level 7 in Unarmed Combat
  3995 | D:5      | Noticed Pikel
  4000 | D:5      | Killed Pikel
  4000 | D:5      | Reached skill level 9 in Unarmed Combat
  4000 | D:5      | Reached XP level 8. HP: 51/54 MP: 7/11
  4101 | D:5      | Reached skill level 10 in Unarmed Combat
  4112 | D:5      | Learned a level 5 spell: Blade Hands
  4391 | D:5      | Reached skill level 5 in Transmutations
  4816 | D:6      | Found a staircase to the Ecumenical Temple.
  4851 | Temple   | Entered the Ecumenical Temple
  5145 | D:7      | Reached XP level 9. HP: 16/59 MP: 8/12
  5146 | D:7      | HP: 2/59 [wight/+4 long sword (14)]
  5153 | D:7      | Killed from afar by a shadow imp

Skill      XL: |  1  2  3  4  5  6  7  8 |
---------------+-------------------------+-----
Unarmed Combat | 4 6 9 10 | 10.0
Transmutations | 3 4 8 |  8.8
Poison Magic   | 2 3 |  3.1
Fighting       | |  1.1
Dodging        | |  2.6
Spellcasting   | |  2.0

Action                   |  1- 3 |  4- 6 |  7- 9 || total
-------------------------+-------+-------+-------++-------
Melee: Unarmed           |   151 |   121 |   119 ||   391
       Headbutt          |     3 |     3 |     3 ||     9
       Punch             |       |     2 |     3 ||     5
 Cast: Beastly Appendage |    10 |     9 |     3 ||    22
       Spider Form       |     1 |     5 |     7 ||    13
Evoke: Wand              |       |       |     2 ||     2
  Use: Scroll            |     5 |     3 |     2 ||    10
       Potion            |     1 |     5 |     3 ||     9
 Stab: Sleeping          |     2 |       |       ||     2
  Eat: Chunk             |     3 |     6 |       ||     9
       Ration            |       |       |     2 ||     2
Armor: Robe              |    34 |    15 |     6 ||    55
       Skin              |     2 |     5 |     1 ||     8
Dodge: Dodged            |    96 |    77 |    63 ||   236
